 Dungeon Crawl Stone Soup version 0.28.0 (webtiles) character file.

Game seed: 174982986174279125

65 Ekaitz the Firebug (level 3, -5/25 HPs)
             Began as a Demonspawn Fire Elementalist on Feb 8, 2022.
             Slain by an orc priest (6 damage)
             ... on level 2 of the Dungeon.
             The game lasted 00:05:13 (2020 turns).

Ekaitz the Firebug (Demonspawn Fire Elementalist)   Turns: 2020, Time: 00:05:13

Health: -5/25      AC:  4    Str: 14    XL:     3   Next: 94%
Magic:  0/6        EV: 12    Int: 18    God:
Gold:   14         SH:  0    Dex: 13    Spells: 0/6 levels left

rFire   . . .      SeeInvis .   c - +0 dagger
rCold   . . .      Faith    .   (no shield)
rNeg    . . .      Spirit   .   a - +0 robe
rPois   .          Reflect  .   (no helmet)
rElec   .          Harm     .   (no cloak)
rCorr   .          Rampage  .   (no gloves)
Will    .....                   (no boots)
Stlth   ++........              (no amulet)
HPRegen 0.08/turn               e - +6 ring of strength
MPRegen 0.10/turn               (no ring)

@: very slightly contaminated
A: yellow scales 1
a: no special abilities


You were on level 2 of the Dungeon.
You visited 1 branch of the dungeon, and saw 2 of its levels.

You collected 14 gold pieces.

Inventory:

Hand Weapons
 c - a +0 dagger (weapon)
Armour
 a - a +0 robe (worn)
Jewellery
 e - a +6 ring of strength (left hand)
Scrolls
 b - a scroll of noise {unknown}
 d - 2 scrolls of immolation {unknown}
 f - a scroll of identify {unknown}


   Skills:
 * Level 0.6 Fighting
 * Level 2.1 Dodging
 + Level 1.9 Stealth
 + Level 2.2 Spellcasting
 * Level 1.8 Conjurations
 * Level 0.9 Hexes
 * Level 3.4 Fire Magic


You couldn't memorise any spells.
You knew the following spells:

 Your Spells              Type           Power      Damage    Failure   Level
a - Foxfire               Conj/Fire      44%        2x1d6     6%          1
b - Scorch                Fire           28%        2d6       7%          2
c - Inner Flame           Hex/Fire       9%         N/A       22%         3

Your spell library contained the following spells:

 Spells                   Type           Power      Damage    Failure   Level
 Conjure Flame            Conj/Fire      11%        6-21      19%         3
 Flame Wave               Conj/Fire      11%        2d5       52%         4


Dungeon Overview and Level Annotations

Branches:
Dungeon (2/15)

Altars:

Annotations:
D:2 Terence


Innate Abilities, Weirdness & Mutations

You are partially covered in yellow scales. (AC +2)


Message History

Terence the Incautious comes into view.
He is wielding a +0 vorpal hand axe and carrying a wand of digging (3).
There is a stone staircase leading up here.
Unknown command.
The orc priest invokes the aid of Beogh against you.
Pain shoots through your body!
You climb upwards.
There is a stone staircase leading down here.
You start resting.
Magic restored.
You climb downwards.
Level annotation: Terence The orc priest calls down the wrath of Beogh upon you.
Beogh smites you!
Ouch! That really hurt!
* * * LOW HITPOINT WARNING * * *
You hear a shout!
There is a stone staircase leading up here.
Casting: Foxfire (safe; 6% risk of failure)
Confirm with . or Enter, or press ? or * to list all spells.
Flames lash the orc priest.
The orc priest is almost dead.
The orc priest's fire resistance burns away.
You hear a zap.
Some rock shatters into small pieces.
Casting: Scorch (safe; 7% risk of failure)
Confirm with . or Enter, or press ? or * to list all spells.
Flames lash Terence.
Terence is lightly wounded.
Terence's fire resistance burns away.
The orc priest misses you.
Unknown command.
Casting: Scorch (safe; 7% risk of failure)
Confirm with . or Enter, or press ? or * to list all spells.
You miscast Scorch.
You are very lightly contaminated with residual magic.
Nothing appears to happen.
The orc priest hits you with a +0 flail.
* * * LOW HITPOINT WARNING * * *
Terence zaps a wand.
Some rock shatters into small pieces.
The orc priest hits you with a +0 flail.
You die...

..... ...@.# #
.... ###. ...
..... #†#
...#####.#####.#
###.............#
#.......@.#######
#...@o..#
####.#### .## .#
.# .# ##


You could see Terence (combustible) and an orc priest (combustible).

Vanquished Creatures
  2 adders (D:2)
  2 dart slugs (D:1)
  2 orcs (D:2)
  4 bats (D:1)
  5 endoplasms (D:1)
  2 giant cockroaches (D:1)
  4 hobgoblins (D:1)
  5 jackals (D:1)
  A kobold (D:1)
  4 ball pythons (D:1)
  2 frilled lizards
  A goblin (D:1)
  4 rats (D:1)
38 creatures vanquished.

Vanquished Creatures (others)
  86 foxfires
86 creatures vanquished.

Grand Total: 124 creatures vanquished

Notes
Turn   | Place    | Note
-------+----------+-------------------------------------------
     0 | D:1      | Ekaitz the Demonspawn Fire Elementalist began the quest for
                  | the Orb.
     0 | D:1      | Reached XP level 1. HP: 13/13 MP: 3/3
   348 | D:1      | Reached skill level 3 in Fire Magic
   400 | D:1      | Gained mutation: You are partially covered in yellow
                  | scales. (AC +2) [demonic ancestry]
   400 | D:1      | Reached XP level 2. HP: 19/19 MP: 0/5
   485 | D:1      | Learned a level 2 spell: Scorch
   952 | D:1      | Reached XP level 3. HP: 25/25 MP: 0/6
   956 | D:1      | Learned a level 3 spell: Inner Flame
  1085 | D:1      | Found a faded altar of an unknown god.
  1963 | D:2      | Noticed Terence
  2019 | D:2      | HP: 1/25 [orc priest (6)]
  2020 | D:2      | Slain by an orc priest

Illustrated notes

Levels and vault maps discovered:
D:1:      scummos_arrival_gate, layout_basic, ebering_ecumenical_altar_mist,
          minmay_misc_feat_chi, minmay_bisected
D:2:      layout_loops_ring, uniq_terence, uniq_sigmund

Skill      XL: |  1 |
---------------+----+-----
Fire Magic     | 3 |  3.4
Dodging        | 2 |  2.1
Fighting       | |  0.6
Stealth        | |  1.9
Spellcasting   | |  2.2
Conjurations   | |  1.8
Hexes          | |  0.9

Action                   || total
-------------------------++-------
Melee: Dagger            ||     5
 Cast: Foxfire           ||    51
       Scorch            ||    18
       Inner Flame       ||     1
 Stab: Sleeping          ||     1
Armor: Robe              ||    28
Dodge: Dodged            ||    49
